 Dungeon Crawl Stone Soup version 0.25-a0-10-g2fe12d4386 (webtiles) character file.

Game seed: 18194157258618439237, levelgen mode: deterministic

4492 Ablot the Magician (level 10, 0/79 HPs)
             Began as a Gnoll Skald on Oct 15, 2019.
             Was an Elder of Okawaru.
             Slain by a basilisk (2 damage)
             ... while petrified by a basilisk
             ... on level 8 of the Dungeon.
             The game lasted 00:20:35 (7038 turns).

Ablot the Magician (Gnoll Skald)                    Turns: 7038, Time: 00:20:35

Health: 0/79       AC: 10    Str: 16    XL:     10   Next: 38%
Magic:  19/20      EV:  2    Int: 16    God:    Okawaru [****..]
Gold:   487        SH:  0    Dex: 15    Spells: 5/23 levels left

rFire    . . .     SeeInvis .   a - +4 trident (flame)
rCold    + + .     Gourm    .   (no shield)
rNeg     + + +     Faith    .   A - +2 robe {rF+}
rPois    ∞         Spirit   .   v - +1 helmet
rElec    .         Reflect  .   q - +1 cloak
rCorr    .         Harm     .   z - +0 pair of gloves
MR       .....                  (no boots)
Stlth    +++.......             (no amulet)
HPRegen  0.23/turn              e - ring of protection from cold
MPRegen  0.17/turn              K - ring "Fuphoat" {Ice rPois}

@: petrified
A: distributed training, fangs 1, strong nose
a: Heroism, Renounce Religion


You were on level 8 of the Dungeon.
You worshipped Okawaru.
Okawaru was greatly pleased with you.
You were not hungry.

You visited 2 branches of the dungeon, and saw 11 of its levels.

You collected 487 gold pieces.

Inventory:

Hand Weapons
 a - a +4 trident of flaming (weapon)
Missiles
 g - 240 stones
 i - 26 poisoned darts (quivered)
 m - 178 bolts
 u - 4 curare-tipped darts
 x - 15 sling bullets
 F - 78 arrows
Armour
 b - a +2 scale mail of poison resistance
 q - a +1 cloak (worn)
 v - a +1 helmet (worn)
 z - a +0 pair of gloves (worn)
 A - a +2 robe of fire resistance (worn)
Jewellery
 e - a ring of protection from cold (left hand)
 K - the ring "Fuphoat" (right hand) {Ice rPois}
   (You found it on level 8 of the Dungeon)

   [ring of ice]

   It enhances your ice magic.
   It makes you vulnerable to fire.
   It protects you from cold.
   It protects you from poison.
Wands
 y - a wand of paralysis (5)
 B - a wand of disintegration (18)
Scrolls
 c - 2 scrolls of enchant armour {unknown}
 h - 5 scrolls of teleportation
 j - a scroll of blinking {unknown}
 l - 9 scrolls of identify
 n - a scroll of magic mapping {unknown}
 p - 4 scrolls of enchant weapon
 t - 6 scrolls of remove curse
 C - 2 scrolls of fog {unknown}
 H - a scroll of silence {unknown}
 I - a scroll of immolation {unknown}
 J - a scroll of random uselessness {unknown}
Potions
 f - 2 potions of lignification {unknown}
 k - a potion of resistance {unknown}
 o - 3 potions of berserk rage {unknown}
 r - a potion of brilliance {unknown}
 s - 5 potions of curing {unknown}
 w - 2 potions of degeneration {unknown}
 D - 2 potions of haste {unknown}
 E - a potion of agility {unknown}
 L - a potion of cancellation {unknown}
Comestibles
 d - 15 rations
 G - 4 chunks of flesh


   Skills:
 + Level 7.0 Fighting
 + Level 5.1 Short Blades
 + Level 5.1 Long Blades
 + Level 5.1 Axes
 + Level 5.1 Maces & Flails
 + Level 7.0 Polearms
 + Level 5.1 Staves
 + Level 5.1 Slings
 + Level 5.1 Bows
 + Level 5.1 Crossbows
 + Level 5.1 Throwing
 + Level 5.8 Armour
 + Level 7.0 Dodging
 + Level 5.1 Stealth
 + Level 5.1 Shields
 + Level 5.1 Unarmed Combat
 + Level 7.2 Spellcasting
 + Level 4.2 Conjurations
 + Level 4.2 Hexes
 + Level 7.0 Charms
 + Level 4.2 Summonings
 + Level 4.2 Necromancy
 + Level 4.2 Translocations
 + Level 4.2 Transmutations
 + Level 4.2 Fire Magic
 + Level 4.2 Ice Magic
 + Level 4.2 Air Magic
 + Level 4.2 Earth Magic
 + Level 4.2 Poison Magic
 + Level 5.6 Invocations
 + Level 5.1 Evocations


You had 5 spell levels left.
You knew the following spells:

 Your Spells              Type           Power        Failure   Level  Hunger
a - Infusion              Chrm           ####         1%          1    None
b - Song of Slaying       Chrm           ####....     1%          2    None
c - Shroud of Golubria    Chrm/Tloc      ###...       1%          2    None
d - Regeneration          Chrm/Necr      ###.......   3%          3    ##.....
e - Spectral Weapon       Hex/Chrm       ###.....     3%          3    ##.....
f - Corona                Hex            ###....      2%          1    None
g - Confuse               Hex            ###.....     6%          3    ##.....
h - Dazzling Spray        Conj/Hex       ###...       6%          3    ##.....

Your spell library contained the following spells:

 Spells                   Type           Power        Failure   Level  Hunger
 Animate Skeleton         Necr           N/A          2%          1    None
 Pain                     Necr           ###.         2%          1    None
 Ensorcelled Hibernation  Hex/Ice        ####..       3%          2    None
 Tukima's Dance           Hex            ###.....     6%          3    ##.....
 Vampiric Draining        Necr           ###.......   6%          3    ##.....
 Animate Dead             Necr           N/A          22%         4    ####...


Dungeon Overview and Level Annotations

Branches:
Dungeon (10/15)            Temple (1/1) D:4            Lair (0/6) D:8
    Orc: D:9-12

Altars:
Ashenzari
Cheibriados
Dithmenos
Elyvilon
Fedhas
Gozag
Hepliaklqana
Kikubaaqudgha
Makhleb
Nemelex Xobeh
Okawaru
Ru
Sif Muna
Trog
Uskayaw
Vehumet
Wu Jian
Xom
Yredelemnul
Zin
The Shining One

Shops:
D:4 (

Annotations:
D:8 exclusion: two-headed ogre


Innate Abilities, Weirdness & Mutations

Your experience applies equally to all skills.
You have very sharp teeth.
Your uncanny sense of smell can sniff out nearby items.


Message History

You resist with some effort.
Your spectral weapon fades away.
The basilisk bites you but does no damage.
The ogre hits you with a +0 giant club!!
* * * LOW HITPOINT WARNING * * *
The basilisk bites you but does no damage.
The ogre hits you with a +0 giant club!
* * * LOW HITPOINT WARNING * * *
The basilisk hisses menacingly.
The basilisk bites you!
* * * LOW HITPOINT WARNING * * *
The ogre hits you with a +0 giant club!
* * * LOW HITPOINT WARNING * * *
The basilisk bites you.
* * * LOW HITPOINT WARNING * * *
The basilisk gazes at you. The ogre hits you with a +0 giant club!
* * * LOW HITPOINT WARNING * * *
The basilisk bites you.
You die...

#####...l.>.....# ..#
#....(.....### #†#
#....Hl....$.# ##.#
#.......#...# ####..#
#....P..#...#
.....######.....##...#
####.....# #..)###...#
#.##### ##..l.....#
#.# ##FO@....# #.#
####...## #.# ##..#
#=# #..# #.# #..# #.#
#..# ####.# #.[#####
.....# #..))..# ######
#.####.#


You could see a basilisk, an ogre and a bullfrog.

Vanquished Creatures
  Prince Ribbit (D:8)
  2 hippogriffs (D:8)
  A basilisk (D:8)
  5 yaks (D:7)
  A steam dragon (D:7)
  Edmund (D:4)
  A water moccasin (D:8)
  An ice beast (D:8)
  2 ogres
  2 sky beasts (D:8)
  2 orc warriors
  3 centaurs
  A crocodile (D:5)
  Blork the orc (D:4)
  A big kobold (D:7)
  3 bullfrogs
  3 scorpions
  3 killer bees (D:7)
  5 wights (D:6)
  6 howler monkeys
  A crimson imp (D:5)
  3 hounds
  2 jellies
  3 orc wizards
  3 orc priests
  3 iguanas
  2 worker ants
  Robin (D:3)
  3 gnolls (D:5)
  12 adders
  A shadow imp (D:10)
  An ooze (D:4)
  An adder zombie (D:6)
  A worm (D:2)
  5 dart slugs
  3 leopard geckos
  18 orcs
  4 bats
  7 giant cockroaches
  22 goblins
  9 hobgoblins
  10 jackals
  3 quokkas
  A ball python (D:5)
  2 frilled lizards
  10 kobolds
  14 rats
  A spectral orc (D:8)
191 creatures vanquished.

Vanquished Creatures (others)
  A human (D:4)
  3 spectral weapons
4 creatures vanquished.

Grand Total: 195 creatures vanquished

Notes
Turn   | Place    | Note
-------+----------+-------------------------------------------
     0 | D:1      | Ablot the Gnoll Skald began the quest for the Orb.
     0 | D:1      | Reached XP level 1. HP: 20/20 MP: 6/6
   235 | D:1      | Reached XP level 2. HP: 23/26 MP: 4/7
   256 | D:1      | Learned a level 2 spell: Song of Slaying
   259 | D:1      | Learned a level 2 spell: Shroud of Golubria
   359 | D:1      | Reached XP level 3. HP: 23/31 MP: 9/9
   364 | D:1      | Learned a level 3 spell: Regeneration
   368 | D:1      | Learned a level 3 spell: Spectral Weapon
   413 | D:1      | Reached skill level 5 in Spellcasting
   732 | D:2      | Reached skill level 1 in Invocations
   791 | D:2      | Reached skill level 1 in Short Blades
   791 | D:2      | Reached skill level 1 in Long Blades
   791 | D:2      | Reached skill level 1 in Axes
   791 | D:2      | Reached skill level 1 in Maces & Flails
   791 | D:2      | Reached skill level 1 in Staves
   791 | D:2      | Reached skill level 1 in Slings
   791 | D:2      | Reached skill level 1 in Bows
   791 | D:2      | Reached skill level 1 in Crossbows
   791 | D:2      | Reached skill level 1 in Throwing
   791 | D:2      | Reached skill level 1 in Stealth
   791 | D:2      | Reached skill level 1 in Shields
   791 | D:2      | Reached skill level 1 in Unarmed Combat
   791 | D:2      | Reached skill level 1 in Evocations
   791 | D:2      | Reached XP level 4. HP: 10/38 MP: 1/11
   810 | D:2      | Reached skill level 1 in Conjurations
   810 | D:2      | Reached skill level 1 in Hexes
   810 | D:2      | Reached skill level 1 in Summonings
   810 | D:2      | Reached skill level 1 in Necromancy
   810 | D:2      | Reached skill level 1 in Translocations
   810 | D:2      | Reached skill level 1 in Transmutations
   810 | D:2      | Reached skill level 1 in Fire Magic
   810 | D:2      | Reached skill level 1 in Ice Magic
   810 | D:2      | Reached skill level 1 in Air Magic
   810 | D:2      | Reached skill level 1 in Earth Magic
   810 | D:2      | Reached skill level 1 in Poison Magic
  1071 | D:2      | Reached XP level 5. HP: 24/43 MP: 12/12
  1345 | D:2      | Learned a level 1 spell: Corona
  1633 | D:3      | Found a white marble altar of Elyvilon.
  1716 | D:3      | Found a faded altar of an unknown god.
  1919 | D:3      | Noticed Robin
  1929 | D:3      | Killed Robin
  1929 | D:3      | Reached XP level 6. HP: 50/50 MP: 9/13
  2354 | D:4      | Found an ancient bone altar of Kikubaaqudgha.
  2354 | D:4      | Noticed a human
  2358 | D:4      | Killed a human
  2391 | D:4      | Found a staircase to the Ecumenical Temple.
  2402 | Temple   | Entered the Ecumenical Temple
  2710 | Temple   | Became a worshipper of Warmaster Okawaru
  2879 | D:4      | Reached skill level 5 in Fighting
  2879 | D:4      | Reached skill level 5 in Polearms
  2879 | D:4      | Reached skill level 5 in Dodging
  2982 | D:4      | Found Vuocvur's Weapon Boutique.
  3068 | D:4      | Noticed Blork the orc
  3089 | D:4      | Killed Blork the orc
  3089 | D:4      | Reached XP level 7. HP: 41/56 MP: 9/15
  3183 | D:4      | Reached * piety under Okawaru
  3264 | D:4      | Noticed Edmund
  3280 | D:4      | Killed Edmund
  3479 | D:5      | Entered Level 5 of the Dungeon
  3602 | D:5      | Found a shattered altar of Ashenzari.
  3740 | D:5      | Learned a level 3 spell: Confuse
  4002 | D:5      | Reached XP level 8. HP: 63/63 MP: 12/16
  4553 | D:6      | Got a faintly glowing leather armour
  4573 | D:6      | Identified the +1 leather armour of Liwn {-Cast *Slow rN+++
                  | Regen+} (You found it on level 6 of the Dungeon)
  4625 | D:6      | Reached ** piety under Okawaru
  5155 | D:7      | Learned a level 3 spell: Dazzling Spray
  5390 | D:7      | Reached XP level 9. HP: 69/69 MP: 11/18
  5513 | D:7      | Reached *** piety under Okawaru
  5728 | D:7      | Found an ancient bone altar of Kikubaaqudgha.
  5729 | D:7      | Found a glowing golden altar of the Shining One.
  5736 | D:7      | Found a burning altar of Makhleb.
  5736 | D:7      | Noticed an Executioner
  5737 | D:7      | Found a hide-covered altar of Uskayaw.
  5800 | D:7      | Reached skill level 5 in Armour
  5818 | D:7      | Reached **** piety under Okawaru
  6101 | D:7      | Reached skill level 5 in Invocations
  6243 | D:7      | Noticed a smoke demon
  6305 | D:7      | You fall into a shaft and drop 3 floors!
  6305 | D:10     | Entered Level 10 of the Dungeon
  6473 | D:8      | Got a sparkling golden ring
  6523 | D:8      | Identified the ring "Fuphoat" {Ice rPois} (You found it on
                  | level 8 of the Dungeon)
  6558 | D:8      | Reached XP level 10. HP: 71/77 MP: 15/20
  6648 | D:8      | Noticed Prince Ribbit
  6671 | D:8      | Killed Prince Ribbit
  6762 | D:8      | Found a basalt altar of Yredelemnul.
  6810 | D:8      | Noticed a two-headed ogre
  6885 | D:8      | Reached skill level 5 in Short Blades
  6885 | D:8      | Reached skill level 5 in Long Blades
  6885 | D:8      | Reached skill level 5 in Axes
  6885 | D:8      | Reached skill level 5 in Maces & Flails
  6885 | D:8      | Reached skill level 5 in Staves
  6885 | D:8      | Reached skill level 5 in Slings
  6885 | D:8      | Reached skill level 5 in Bows
  6885 | D:8      | Reached skill level 5 in Crossbows
  6885 | D:8      | Reached skill level 5 in Throwing
  6885 | D:8      | Reached skill level 5 in Stealth
  6885 | D:8      | Reached skill level 5 in Shields
  6885 | D:8      | Reached skill level 5 in Unarmed Combat
  6885 | D:8      | Reached skill level 5 in Evocations
  6906 | D:8      | Found a staircase to the Lair.
  6909 | D:8      | Noticed an elephant
  7037 | D:8      | HP: 1/79 [ogre/+0 giant club (4)]
  7038 | D:8      | Slain by a basilisk

Levels and vault maps discovered:
D:1:      minmay_arrival_arboretum_large, layout_rooms
D:2:      wad_pebble_path, layout_basic, first_ration, moated_statue,
          minmay_fountain_box
D:3:      layout_rooms, chequers_ecumenical_altar_simple, elyvilon_altar_5,
          uniq_robin
D:4:      layout_basic, minmay_temple_entry_stoned_glass, serial_shops,
          shop_statue, serial_forest, infiniplex_forest_straight_1,
          infiniplex_forest_3_way, infiniplex_forest_lined_3_way,
          infiniplex_forest_end_3, infiniplex_forest_lined_3,
          infiniplex_forest_zigzag_1, infiniplex_forest_lined_corner,
          tgw_kikubaaqudgha, uniq_crazy_yiuf_cottage, uniq_blork_the_orc,
          uniq_edmund
D:5:      layout_basic, nicolae_ashenzari_panopticon
D:6:      layout_cave_pools, kennysheep_big_empty_room
D:7:      layout_basic, chequers_temple_overflow_statue_of_worship,
          makhleb_altar_promises_db
D:8:      layout_loops_ring, yredelemnul_forgotten_temple_becter,
          david_lair_generic, item_on_display_a, uniq_prince_ribbit1
D:9:      layout_cave_pools, lemuel_round_altar
D:10:     layout_big_octagon
Temple:   minmay_temple_bridge_d

Skill      XL: |  1  2  3  4  5  6  7  8  9 10 |
---------------+-------------------------------+-----
Spellcasting   | 5 6 7 |  7.2
Invocations    | 1 2 3 4 5 |  5.6
Short Blades   | 1 2 3 4 5 |  5.1
Long Blades    | 1 2 3 4 5 |  5.1
Axes           | 1 2 3 4 5 |  5.1
Maces & Flails | 1 2 3 4 5 |  5.1
Staves         | 1 2 3 4 5 |  5.1
Slings         | 1 2 3 4 5 |  5.1
Bows           | 1 2 3 4 5 |  5.1
Crossbows      | 1 2 3 4 5 |  5.1
Throwing       | 1 2 3 4 5 |  5.1
Stealth        | 1 2 3 4 5 |  5.1
Shields        | 1 2 3 4 5 |  5.1
Unarmed Combat | 1 2 3 4 5 |  5.1
Evocations     | 1 2 3 4 5 |  5.1
Conjurations   | 1 2 3 4 |  4.2
Hexes          | 1 2 3 4 |  4.2
Summonings     | 1 2 3 4 |  4.2
Necromancy     | 1 2 3 4 |  4.2
Translocations | 1 2 3 4 |  4.2
Transmutations | 1 2 3 4 |  4.2
Fire Magic     | 1 2 3 4 |  4.2
Ice Magic      | 1 2 3 4 |  4.2
Air Magic      | 1 2 3 4 |  4.2
Earth Magic    | 1 2 3 4 |  4.2
Poison Magic   | 1 2 3 4 |  4.2
Armour         | 3 4 5 |  5.8
Fighting       | 5 6 7 |  7.0
Polearms       | 5 6 7 |  7.0
Dodging        | 5 6 7 |  7.0
Charms         | 6 7 |  7.0

Action                   |  1- 3 |  4- 6 |  7- 9 | 10-12 || total
-------------------------+-------+-------+-------+-------++-------
Melee: Spear             |   166 |   103 |       |       ||   269
       Bite              |    12 |    18 |    18 |     4 ||    52
       Trident           |       |    75 |   214 |    42 ||   331
       Punch             |       |     1 |     5 |       ||     6
Throw: Dart              |       |       |     2 |       ||     2
 Cast: Infusion          |     2 |     4 |     7 |       ||    13
       Shroud of Golubri |     3 |    12 |    21 |     4 ||    40
       Regeneration      |     1 |     4 |     5 |     3 ||    13
       Song of Slaying   |     1 |     3 |     4 |     1 ||     9
       Corona            |       |     4 |       |       ||     4
       Spectral Weapon   |       |     4 |    13 |     6 ||    23
  Use: Scroll            |       |     4 |       |       ||     4
 Stab: Sleeping          |     2 |     5 |     6 |     3 ||    16
       Distracted        |       |       |     2 |       ||     2
  Eat: Chunk             |       |     8 |    13 |     2 ||    23
Armor: Leather armour    |    31 |    26 |       |       ||    57
       Robe              |       |       |    39 |    14 ||    53
Dodge: Dodged            |   102 |    98 |   117 |    19 ||   336

Table legend:
 A = Non-vault XP
 B = Vault XP
 C = Vault XP percentage of total XP
 D = Non-vault monster count
 E = Vault monster count
 F = Vault count percentage of total count
                 A         B        C        D         E       F
            +---------+---------+-------+---------+---------+-------
      Total |    5399 |    1019 |  15.9 |     172 |      19 |   9.9
            +---------+---------+-------+---------+---------+-------
        D:1 |      49 |       0 |   0.0 |      29 |       0 |   0.0
        D:2 |     168 |       0 |   0.0 |      28 |       0 |   0.0
        D:3 |     105 |      38 |  26.6 |      20 |      13 |  39.4
        D:4 |     356 |     256 |  41.8 |      11 |       2 |  15.4
        D:5 |     285 |       0 |   0.0 |      12 |       0 |   0.0
        D:6 |     714 |       0 |   0.0 |      21 |       0 |   0.0
        D:7 |    2189 |       0 |   0.0 |      33 |       0 |   0.0
        D:8 |    1490 |     725 |  32.7 |      16 |       4 |  20.0
       D:10 |      11 |       0 |   0.0 |       1 |       0 |   0.0
     Temple |      32 |       0 |   0.0 |       1 |       0 |   0.0
            +---------+---------+-------+---------+---------+-------
